 Dungeon Crawl Stone Soup version 0.29-a0-529-gfa20dd96a1 (webtiles) character file.

Game seed: 6063762982997427293

189 thriggle the Firebug (level 5, -5/49 HPs)
             Began as an Ogre Fire Elementalist on June 1, 2022.
             Slain by a gnoll
             ... wielding a +0 spear
             ... led by a gnoll shaman
              (8 damage)
             ... on level 4 of the Dungeon.
             The game lasted 00:08:08 (3160 turns).

thriggle the Firebug (Ogre Fire Elementalist)       Turns: 3160, Time: 00:08:08

Health: -5/49      AC:  5    Str: 12    XL:     5   Next: 68%
Magic:  5/9        EV: 10    Int: 16    God:
Gold:   165        SH:  0    Dex: 11    Spells: 7/10 levels left

rFire   + . .      SeeInvis .   o - +2 eveningstar (venom)
rCold   . . .      Faith    .   (no shield)
rNeg    . . .      Spirit   .   a - +2 robe
rPois   .          Reflect  .   (helmet restricted)
rElec   .          Harm     .   (no cloak)
rCorr   .          Rampage  .   (gloves unavailable)
Will    .....                   (boots unavailable)
Stlth   ++........              (no amulet)
HPRegen 0.16/turn               p - ring of protection from fire
MPRegen 0.11/turn               (no ring)

@: no status effects
A: large, unfitting armour, tough skin 1
a: no special abilities


You were on level 4 of the Dungeon.
You visited 1 branch of the dungeon, and saw 4 of its levels.

You collected 165 gold pieces.

Inventory:

Hand Weapons
 e - a +2 dagger of draining
 o - a +2 eveningstar of venom (weapon)
Missiles
 f - 103 stones
 r - 5 poisoned darts
Armour
 a - a +2 robe (worn)
Jewellery
 p - a ring of protection from fire (left hand)
 w - an amulet of guardian spirit
Scrolls
 h - a scroll of noise {unknown}
 i - a scroll of poison {unknown}
 l - a scroll of amnesia
 m - a scroll of fear {unknown}
 u - a scroll of teleportation {unknown}
 v - a scroll of acquirement {unknown}
Potions
 b - a potion of magic
 c - a potion of brilliance {unknown}
 g - a potion of ambrosia {unknown}
 j - 2 potions of invisibility {unknown}
 n - a potion of flight {unknown}
 q - a potion of lignification {unknown}
 s - a potion of degeneration {unknown}
 t - a potion of heal wounds {unknown}


   Skills:
 + Level 2.2 Fighting
 - Level 0.4 Short Blades
 + Level 1.4 Maces & Flails
 + Level 1.2 Throwing
 + Level 2.3 Dodging
 + Level 1.9 Stealth
 + Level 3.1 Spellcasting
 + Level 2.0 Conjurations
 + Level 3.2 Fire Magic


You had 7 spell levels left.
You knew the following spells:

 Your Spells              Type           Power      Damage    Failure   Level
a - Foxfire               Conj/Fire      40%        2x1d6     6%          1
b - Scorch                Fire           24%        2d6       8%          2

Your spell library contained the following spells:

 Spells                   Type           Power      Damage    Failure   Level
 Sting                    Tmut/Pois      8%         1d3       19%         1
 Conjure Flame            Conj/Fire      10%        6-21      19%         3
 Poisonous Vapours        Pois/Air       4%         N/A       28%         2
 Inner Flame              Hex/Fire       7%         N/A       28%         3
 Flame Wave               Conj/Fire      10%        2d5       54%         4
 Olgreb's Toxic Radiance  Pois           2%         N/A       88%         4


Dungeon Overview and Level Annotations

Branches:
Dungeon (4/15)             Temple (0/1) D:4

Altars:


Innate Abilities, Weirdness & Mutations

You are too large for most types of armour.
You have tough skin. (AC +1)


Message History

The gnoll shaman is moderately wounded.
The gnoll shaman's fire resistance burns away.
The gnoll hits you from afar with a +0 spear.
The gnoll barely misses you.
A phantom comes into view.
The gnoll hits you with a +0 spear.
The gnoll shaman calls upon its god to heal the gnoll.
The gnoll's wounds heal themselves!
You sock the gnoll!
The gnoll is poisoned.
The gnoll is heavily wounded.
The gnoll hits you with a +0 spear.
You hit the gnoll shaman.
The gnoll shaman is poisoned.
The gnoll shaman is moderately wounded.
The gnoll shaman is no longer more vulnerable to fire.
The gnoll hits you from afar with a +0 spear. x2
The gnoll shaman hits you with a +0 whip.
You barely miss the gnoll shaman.
The gnoll shaman is heavily wounded.
The gnoll hits you from afar with a +0 spear.
The gnoll shaman calls upon its god to heal the gnoll.
The gnoll is healed somewhat.
The gnoll hits you from afar with a +0 spear.
* * * LOW HITPOINT WARNING * * *
You barely miss the gnoll shaman.
The gnoll shaman is almost dead.
You kill the gnoll shaman!
The gnoll hits you from afar with a +0 spear!
* * * LOW HITPOINT WARNING * * *
The gnoll hits you but does no damage.
Your Conjurations skill increases to level 2!
The gnoll completely misses you.
Casting: Scorch (safe; 8% risk of failure)
Confirm with . or Enter, or press ? or * to list all spells.
Flames lash the phantom.
The phantom is moderately damaged.
The phantom's fire resistance burns away.
The gnoll hits you from afar with a +0 spear.
* * * LOW HITPOINT WARNING * * *
The gnoll hits you from afar with a +0 spear!
You die...

######.###...#.#..#
#............#.#..#
#.####.##....#.#..#
#.........#..##
#..#.##.#.....#
...#.##.#.#...# #.
#.##.#.#...# ..
#.##.#.#...#
######@##.#.#...#
.........g.#.#...#
#.##########W#.#...#
.......ggWg).#.#...#
#.###..####### .....
..#.#.. .#.#.#.
#.#.#.#


You could see a phantom (combustible) and a gnoll (fast, poisoned).

Vanquished Creatures
  A gnoll shaman (D:4)
  2 orc wizards (D:3)
  4 adders
  A worm (D:3)
  2 dart slugs
  6 orcs (D:3)
  4 bats
  2 endoplasms
  3 giant cockroaches
  4 goblins
  8 hobgoblins
  2 jackals (D:1)
  8 ball pythons
  A frilled lizard (D:3)
  7 kobolds
  7 rats
62 creatures vanquished.

Vanquished Creatures (others)
  20 foxfires
  4 toadstools (D:1)
24 creatures vanquished.

Grand Total: 86 creatures vanquished

Notes
Turn   | Place    | Note
-------+----------+-------------------------------------------
     0 | D:1      | thriggle the Ogre Fire Elementalist began the quest for the
                  | Orb.
     0 | D:1      | Reached XP level 1. HP: 16/16 MP: 3/3
   109 | D:1      | Reached skill level 1 in Conjurations
   111 | D:1      | Reached XP level 2. HP: 26/26 MP: 0/5
   475 | D:1      | Reached skill level 1 in Fighting
   529 | D:1      | Reached XP level 3. HP: 25/33 MP: 3/6
   549 | D:1      | Learned a level 2 spell: Scorch
  1639 | D:3      | Reached XP level 4. HP: 36/41 MP: 8/8
  1788 | D:3      | Reached skill level 1 in Maces & Flails
  2587 | D:3      | Reached skill level 1 in Throwing
  2587 | D:3      | Reached XP level 5. HP: 46/49 MP: 5/9
  3143 | D:4      | Found a staircase to the Ecumenical Temple.
  3149 | D:4      | Noticed a phantom
  3160 | D:4      | Slain by a gnoll

Illustrated notes

Levels and vault maps discovered:
D:1:      ldierk_water_garden, layout_basic
D:2:      layout_basic
D:3:      layout_basic, corexii_corridor_pit
D:4:      layout_basic, minmay_temple_entry_grid

Skill      XL: |  1  2  3  4  5 |
---------------+----------------+-----
Conjurations   | 1 2 |  2.0
Dodging        | 2 |  2.3
Fighting       | 1 2 |  2.2
Maces & Flails | 1 |  1.4
Fire Magic     | 3 |  3.2
Throwing       | 1 |  1.2
Spellcasting   | 3 |  3.1
Short Blades   | |  0.4
Stealth        | |  1.9

Action                   |  1- 3 |  4- 6 || total
-------------------------+-------+-------++-------
Melee: Dagger            |    37 |       ||    37
       Eveningstar       |    20 |    60 ||    80
 Cast: Foxfire           |    13 |     2 ||    15
       Scorch            |     4 |     4 ||     8
  Use: Scroll            |     2 |     3 ||     5
       Potion            |       |     2 ||     2
 Stab: Sleeping          |     6 |     1 ||     7
Armor: Robe              |    15 |    19 ||    34
Dodge: Dodged            |    33 |    23 ||    56

Table legend: (Time is in decaauts)
 A = Elapsed time spent in this place.
 B = Non-inter-level travel time spent in this place.
 C = Inter-level travel time spent in this place.
 D = Time resting spent in this place.
 E = Time spent auto-exploring this place.
 F = Levels seen in this place.
 G = Mean time per level.
                   A        B        C        D        E       F      G
               +--------+--------+--------+--------+--------+-----+--------+
         Total |   3193 |   3096 |     97 |    400 |   2077 |   4 |  798.2 |
       Dungeon |   3193 |   3096 |     97 |    400 |   2077 |   4 |  798.2 |
               +--------+--------+--------+--------+--------+-----+--------+

Top non-repeatable levels by time:
     D:3: 1463 daAuts
     D:1: 832 daAuts
     D:2: 679 daAuts
     D:4: 217 daAuts
